 Dungeon Crawl Stone Soup version 0.29.1-15-g9cfb28693d (webtiles) character file.

Game seed: 2366124949365787866

224 croobank the Insei (level 5, 0/61 HPs)
             Began as a Demigod Transmuter on May 1, 2023.
             Slain by Pikel
             ... wielding a +2 whip of flaming
              (7 damage)
             ... on level 5 of the Dungeon.
             The game lasted 00:15:01 (5260 turns).

croobank the Insei (Demigod Transmuter)             Turns: 5260, Time: 00:15:01

Health: 0/61       AC: 22    Str: 11    XL:     5   Next: 40%
Magic:  11/11      EV:  2    Int: 19    God:
Gold:   226        SH:  0    Dex: 14    Spells: 6/9 levels left

rFire   . . .      SeeInvis .   m - +2 short sword (distort)
rCold   . . .      Faith    .   (no shield)
rNeg    . . .      Spirit   .   (body armour currently unavailable)
rPois   +          Reflect  .   (helmet currently unavailable)
rElec   .          Harm     .   (cloak currently unavailable)
rCorr   .          Rampage  .   (gloves currently unavailable)
Will    .....      NoTele   +   (boots currently unavailable)
Stlth   +.........              (no amulet)
HPRegen 0.20/turn               (no ring)
MPRegen 0.12/turn               (no ring)

@: tree-form, wereblooded (expiring)
A: stationary, stasis, torment immunity, boosted hp, high MP 1, forlorn, divine
attributes
a: no special abilities


You were on level 5 of the Dungeon.
You were a tree.
You visited 1 branch of the dungeon, and saw 5 of its levels.

You collected 226 gold pieces.

Inventory:

Hand Weapons
 a - a +0 spectral dagger
 b - a +0 sling
 c - a +0 war axe
 g - the +4 dagger of Wyrd {vorpal, rN+ Int+2}
   (You found it on level 3 of the Dungeon)

   It inflicts extra damage upon your enemies.
   Int:       It affects your intelligence (+2).
   rN:        It protects you from negative energy.
 m - a +2 short sword of distortion (weapon)
 r - a +0 morningstar
 v - a +1 dagger of venom
Missiles
 k - 5 poisoned darts
Armour
 d - a +0 leather armour
 h - a +0 ring mail
 j - a +0 robe (melded)
Jewellery
 n - an amulet of guardian spirit
Scrolls
 f - 2 scrolls of fog
 i - a scroll of amnesia
 l - a scroll of identify
 s - 2 scrolls of teleportation
 t - a scroll of acquirement {unknown}
Potions
 o - 3 potions of magic
 p - 2 potions of brilliance
 q - 2 potions of flight


   Skills:
 + Level 2.2 Fighting
 * Level 1.2 Short Blades
 + Level 2.8 Dodging
 - Level 3.3 Unarmed Combat
 + Level 2.7 Spellcasting
 + Level 2.8 Transmutations


You had 6 spell levels left.
You knew the following spells:

 Your Spells              Type           Power      Damage    Failure   Level
a - Beastly Appendage     Tmut           26%        N/A       4%          1
b - Wereblood             Tmut           13%        N/A       8%          2

Your spell library contained the following spells:

 Spells                   Type           Power      Damage    Failure   Level
 Spider Form              Tmut/Pois      7%         N/A       26%         3
 Ice Form                 Ice/Tmut       7%         N/A       65%         4


Dungeon Overview and Level Annotations

Branches:
Dungeon (5/15)
 Temple: D:4-7

Annotations:
D:5 Pikel


Innate Abilities, Weirdness & Mutations

You are a tree.
Your roots penetrate the ground, keeping you stationary.
You cannot be teleported.
You are immune to unholy pain and torment.
Your maximum health is greatly increased.
Your equipment is partially melded.
You have an increased reservoir of magic. (+10% MP)
You shall have no god before yourself.
Your divine heritage dramatically boosts your attributes as you level up.


Message History

Pikel closely misses you.
You climb downwards.
There is a stone staircase leading up here.
Really quaff the potion of lignification? [Y]es or [N]o only, please.
Really quaff the potion of lignification? [Y]es or [N]o only, please.
Really quaff the potion of lignification? [Y]es or [N]o only, please.
Really quaff the potion of lignification?
Your horns disappear.
Your talons disappear.
You turn into a tree.
Your +0 robe melds into your body.
Your roots penetrate the ground.
Pikel barely misses you.
You hit Pikel. You punch Pikel, but do no damage.
Pikel is heavily wounded.
Pikel hits you with a +2 whip of flaming!
* * * LOW HITPOINT WARNING * * *
Pikel burns you.
* * * LOW HITPOINT WARNING * * *
You catch the helpless Pikel completely off-guard!
You hit Pikel.
Pikel is heavily wounded.
You flicker back into view.
The orc shouts!
You hear a shout!
You hear a bark!
Pikel hits you but does no damage.
You hear a shout!
Unknown command.
Okay, then.
Okay, then.
Okay, then.
Casting: Wereblood (safe; 7% risk of failure)
Confirm with . or Enter, or press ? or * to list all spells.
Okay, then.
Really wield
m - a +2 short sword of distortion?
Space warps around you for a moment!
m - a +2 short sword of distortion (weapon)
You hit Pikel.
Space warps around Pikel.
Pikel is severely wounded.
Pikel hits you with a +2 whip of flaming!
You die...

###.###########
.......♣.......
###.####K#.####
... ...# ...#
...o ###.. .##


You could see Pikel and an orc.

Vanquished Creatures
  A lemure (D:3)
  A water moccasin skeleton (D:3)
  2 iguanas (D:4)
  A hound zombie (D:3)
  2 adders
  An adder zombie (D:3)
  A worm (D:2)
  3 dart slugs
  11 orcs
  3 endoplasms
  4 goblins
  8 hobgoblins
  3 jackals (D:4)
  3 kobolds
  5 quokkas
  5 ball pythons
  2 ball python skeletons (D:3)
  10 bats
  2 frilled lizards
  A quokka zombie (D:3)
  4 rats
73 creatures vanquished.

Notes
Turn   | Place    | Note
-------+----------+-------------------------------------------
     0 | D:1      | croobank the Demigod Transmuter began the quest for the
                  | Orb.
     0 | D:1      | Reached XP level 1. HP: 15/15 MP: 5/5
   291 | D:1      | Reached skill level 1 in Fighting
   428 | D:1      | Reached XP level 2. HP: 22/23 MP: 7/7
  1373 | D:1      | Reached skill level 3 in Unarmed Combat
  1662 | D:2      | Learned a level 2 spell: Wereblood
  1670 | D:2      | Reached XP level 3. HP: 28/28 MP: 3/8
  3473 | D:3      | Reached XP level 4. HP: 9/36 MP: 10/10
  4007 | D:3      | Identified the +4 dagger of Wyrd {vorpal, rN+ Int+2}
  4134 | D:4      | Noticed a lemure
  4166 | D:3      | Killed a lemure
  4561 | D:4      | Reached XP level 5. HP: 36/41 MP: 8/11
  5113 | D:4      | Reached skill level 1 in Short Blades
  5225 | D:4      | Noticed Pikel
  5255 | D:5      | Entered Level 5 of the Dungeon
  5260 | D:5      | Slain by Pikel

Illustrated notes

Levels and vault maps discovered:
D:1:      dpeg_arrival_rhombus, layout_loops_ring,
          ebering_ecumenical_altar_abandoned, dreamdust_mushroom_princess
D:2:      layout_basic
D:3:      layout_rooms, serial_undead, serial_undead_d, serial_undead_a,
          serial_undead_e, serial_undead_f, serial_undead_c, serial_undead_c,
          minmay_misc_feat_secret_circle
D:4:      layout_gridville, uniq_pikel
D:5:      layout_loops_ring

Skill      XL: |  1  2  3  4  5 |
---------------+----------------+-----
Fighting       | 1 2 |  2.2
Dodging        | 2 |  2.8
Transmutations | 2 |  2.8
Spellcasting   | 2 |  2.7
Unarmed Combat | 3 |  3.3
Short Blades   | 1 |  1.2

Action                   |  1- 3 |  4- 6 || total
-------------------------+-------+-------++-------
Melee: Unarmed           |    20 |       ||    20
       Kick              |    22 |    18 ||    40
       Headbutt          |     8 |    18 ||    26
       Dagger            |    88 |    76 ||   164
       Punch             |     1 |     3 ||     4
       Short sword       |       |     1 ||     1
 Fire: Sling             |    33 |       ||    33
 Cast: Beastly Appendage |    26 |    17 ||    43
       Wereblood         |     9 |    16 ||    25
  Use: Scroll            |     9 |     1 ||    10
       Potion            |     3 |     2 ||     5
 Stab: Sleeping          |     1 |       ||     1
       Distracted        |       |     2 ||     2
       Invisible         |       |     1 ||     1
Armor: Robe              |    25 |     8 ||    33
       Skin              |     7 |     2 ||     9
Dodge: Dodged            |    83 |    38 ||   121
